 Dungeon Crawl Stone Soup version 0.16.1-18-g436b03c (webtiles) character file.

188785 drasked the Executioner (level 18, -5/112 HPs)
             Began as a Gargoyle Berserker on Apr 30, 2015.
             Was an Elder of Trog.
             Splashed by a lich's acid (7 damage)
             ... on level 1 of the Vaults.
             The game lasted 00:38:41 (34429 turns).

drasked the Executioner (Gargoyle Berserker)       Turns: 34429, Time: 00:38:41

Health: -5/112     AC: 50    Str: 28    XL:     18   Next: 11%
Magic:  27/27      EV:  6    Int: 12    God:    Trog [****..]
Gold:   2763       SH:  0    Dex:  8    Spells: 0 memorised, 17 levels left

rFire  . . .     SeeInvis .     E - +5 battleaxe (flame)
rCold  + + .     Clarity  .     d - +1 crystal plate armour
rNeg   + . .     SustAb   .     (no shield)
rPois  ∞         Gourm    .     C - +2 helmet
rElec  +         Spirit   .     r - +2 cloak
rCorr  .         Warding  .     m - +2 pair of gloves
rMut   .         Stasis   .     n - +2 pair of boots of Life {MR+ Str+3 Int+2 Dex-4 Stlth+}
MR     ++++.                    (no amulet)
Stlth  ..........               p - ring of Order {+Fly rPois rC+ MP+9 Str-2 Dex+3}
                                D - ring of protection from cold

@: exhausted, flying, regenerating, slowed, very slow, incredibly resistant to
hostile enchantments, extremely unstealthy
A: able to fly continuously, big wings, negative energy resistance 1,
electricity resistance, unbreathing, petrification resistance, rot immunity, AC
+13
a: Stop Flying, Burn Spellbooks, Berserk, Trog's Hand, Brothers in Arms,
Renounce Religion
}: 1/15 runes: gossamer


You were on level 1 of the Vaults.
You worshipped Trog.
Trog was greatly pleased with you.
You were not hungry.

You visited 5 branches of the dungeon, and saw 32 of its levels.

You collected 2763 gold pieces.


Innate Abilities, Weirdness & Mutations

You are resistant to torment.
You are immune to poison.
You can fly continuously.
Your stone body is very resilient (AC +13).
Your wings are large and strong.
You resist negative energy.
You are resistant to electric shocks.
You can survive without breathing.
You are immune to petrification.
You are immune to rotting.


   Skills:
 + Level 12.1 Fighting
 - Level 23.4 Axes
 - Level 12.4 Armour
 - Level 1.5 Dodging


You had 17 spell levels left.
You didn't know any spells.

Inventory:

Hand weapons
 E - a +5 battleaxe of flaming (weapon)
Armour
 d - a +1 crystal plate armour (worn)
 m - a +2 pair of gloves (worn)
 n - the +2 pair of boots of Life (worn) {MR+ Str+3 Int+2 Dex-4 Stlth+}
   (You found it on level 6 of the Dungeon)

   It affects your strength (+3).
   It affects your intelligence (+2).
   It affects your dexterity (-4).
   It affects your resistance to hostile enchantments.
   It makes you more stealthy.
 r - a +2 cloak (worn)
 C - a +2 helmet (worn)
Jewellery
 b - an uncursed ring of ice
 c - an uncursed ring of protection from magic
 h - an uncursed ring of protection from cold
 p - the ring of Order (right hand) {+Fly rPois rC+ MP+9 Str-2 Dex+3}
   (You found it on level 12 of the Dungeon)

   [ring of protection from cold]

   It affects your strength (-2).
   It affects your dexterity (+3).
   It protects you from cold.
   It protects you from poison.
   It affects your magic capacity (+9).
   It lets you fly.
 y - a +2 ring of strength
 D - a ring of protection from cold (left hand)
Magical devices
 o - a wand of hasting (7)
Scrolls
 a - 6 scrolls of recharging
 l - 12 scrolls of remove curse
 s - 13 scrolls of identify
Potions
 g - 15 potions of curing
 i - a potion of heal wounds
 j - 5 potions of resistance
 t - 3 potions of might
 u - 2 potions of cancellation
 v - 5 potions of restore abilities
 w - a potion of cure mutation
 A - 4 potions of haste
Comestibles
 e - 11 meat rations
 z - 11 bread rations

Dungeon Overview and Level Annotations

Branches:
Dungeon (15/15)            Temple (0/1) D:4            Lair (8/8) D:11
  Swamp (0/5) Lair:6       Spider (5/5) Lair:3        Slime (0/6) Lair:8
    Orc (3/4) D:10         Vaults (1/5) D:14         Depths (0/5) D:15
    Elf: Orc:3-4

Altars:
Ashenzari
Dithmenos
Elyvilon
Fedhas
Gozag
Kikubaaqudgha
Makhleb
Nemelex Xobeh
Okawaru
Qazlal
Ru
Sif Muna
Trog
Vehumet
Xom
Yredelemnul

Annotations:
D:10 Urug


Message History

The lich is moderately damaged.
You closely miss the deep elf knight.
The vault sentinel blows a loud note on a signal horn!
The hungry ghost hits you but does no damage.
The deep elf knight hits you with a long sword!
The lich touches you but does no damage.
The iron imp hits you but does no damage.
You hear a shout! x4
You miss the hungry ghost.
The hungry ghost is almost destroyed.
You hit the deep elf knight. You burn the deep elf knight.
The deep elf knight is lightly wounded.
You hit the lich but do no damage.
The lich is moderately damaged.
You slash the iron imp!
You kill the iron imp!
The hungry ghost barely misses you.
The lich points at you and mumbles some strange words.
The bolt of acid hits you!
The acid burns!
You die...

#.# #.# #..
#############'####### #
.............#........ .
.....>.....).#)....... .
#.....#####(()........
#.......#(.(#)W.......
#####...))#((O#@).......
........)))(..#eLp..####
..........)(..#5....#
##########(###.ppK.#
#.....(##p....#
#......##.....'.
#......##.....#
#......##.....
#......##..


You could see a lich, a vault sentinel, a deep elf knight, a wizard, a kobold
demonologist, a hungry ghost, 2 humans and a shadow imp.

Vanquished Creatures
  Roxanne (D:14)
  Wiglaf (Spider:3)
  Aizul (Vaults:1)
  5 emperor scorpions
  3 ghost moths (Spider:5)
  Gastronok (Orc:2)
  A stone giant (Vaults:1)
  3 very ugly things
  An ironheart preserver (Vaults:1)
  4 vault guards (D:14)
  2 fire dragons
  3 yaktaur captains (Vaults:1)
  Josephine (D:13)
  A rakshasa (D:14)
  Fannar (Lair:1)
  3 hydras
  Harold (Lair:2)
  8 centaur warriors
  A catoblepas (Lair:6)
  Erica (Lair:2)
  An ogre mage (D:15)
  4 death yaks (Lair:8)
  2 tengu warriors
  A fire crab (Lair:7)
  A shadow wraith (Vaults:1)
  14 skeletal warriors
  2 wizards (D:15)
  An iron troll (Vaults:1)
  The ghost of Scuka the Nimble, an experienced SpEn of Vehumet (D:8)
  2 ironbrand convokers (Vaults:1)
  4 orb spiders
  5 unseen horrors
  5 hornets
  3 orc sorcerers (D:15)
  6 hill giants
  A wolf spider zombie (D:14)
  A harpy (D:12)
  2 slime creatures (Lair:8)
  4 orc knights
  5 ugly things
  A moth of wrath (Spider:5)
  31 wolf spiders
  A deep elf conjurer (D:15)
  6 cyclopes
  A black mamba (Lair:5)
  2 manticores
  3 griffons
  3 gargoyles
  6 elephants (Lair:8)
  8 spiny frogs
  A rust devil (D:15)
  6 centaur skeletons
  2 vault sentinels (Vaults:1)
  A yaktaur (shapeshifter) (D:15)
  A queen ant (D:13)
  15 yaktaurs
  2 efreet (D:15)
  12 demonic crawlers
  2 freezing wraiths
  A queen bee (Spider:3)
  2 kobold demonologists (Vaults:1)
  3 fire drakes
  6 komodo dragons
  A tengu conjurer (D:13)
  28 jumping spiders
  4 two-headed ogres
  2 spriggan druids (Lair:8)
  A wolf spider simulacrum (D:15)
  Sonja (D:10)
  8 polar bears (Lair:8)
  A snapping turtle (shapeshifter) (D:13)
  Prince Ribbit (Lair:3)
  A trapdoor spider zombie (D:12)
  A wind drake (shapeshifter) (D:15)
  2 trolls
  A harpy skeleton (D:15)
  A hornet zombie (D:14)
  3 boulder beetles (Spider:4)
  3 ravens
  7 blink frogs
  A vampire (D:15)
  A basilisk (shapeshifter) (Vaults:1)
  3 basilisks
  4 wyverns
  A spriggan (shapeshifter) (D:12)
  2 humans (Vaults:1)
  43 redbacks
  30 trapdoor spiders
  7 wraiths
  23 tarantellas
  A deep elf mage (D:11)
  21 yaks
  9 spriggans (Lair:8)
  2 steam dragons (D:8)
  10 hippogriffs
  9 vampire mosquitoes
  A warg (Vaults:1)
  20 soldier ants (D:13)
  3 hungry ghosts
  A mottled dragon (D:14)
  28 wolves
  14 water moccasins
  22 spiders
  8 orc warriors
  6 wasps
  10 porcupines
  3 sky beasts
  6 black bears
  15 ogres
  3 necrophages
  The ghost of EmilioHeskey the Insei, an average DrTm (D:4)
  3 phantoms
  4 ice beasts
  4 boring beetles
  2 eyes of draining
  6 big kobolds
  11 crocodiles
  35 centaurs
  A wyvern zombie (D:11)
  24 giant frogs
  16 killer bees
  9 scorpions
  2 wyvern skeletons
  18 wights
  4 electric eels
  6 crimson imps
  A wasp zombie (D:9)
  An iron imp (Vaults:1)
  A goliath beetle (D:6)
  A giant frog zombie (D:9)
  5 centaur zombies
  2 giant frog skeletons
  17 hounds
  5 iguanas
  30 worker ants
  6 jellies
  6 orc priests
  22 orc wizards
  A gnoll shaman (D:9)
  7 spectral orcs (D:10)
  24 sheep
  A killer bee zombie (D:5)
  Jessica (D:2)
  A hound zombie (D:5)
  Terence (D:2)
  2 hound skeletons
  A mummy (D:11)
  4 gnolls (D:9)
  24 adders
  44 river rats
  2 giant mites
  12 white imps (D:11)
  2 shadow imps
  7 worms
  An ufetubus (D:13)
  An adder skeleton (D:4)
  2 giant geckos
  3 oozes
  74 orcs
  22 hobgoblins
  25 kobolds
  17 quokkas
  14 bats
  6 giant cockroaches
  A giant gecko skeleton (D:6)
  A giant gecko zombie (D:6)
  5 giant newts
  2 giant spores
  20 goblins
  18 jackals
  A jackal zombie (D:6)
  2 quokka skeletons
  18 rats
  9 ballistomycetes
  6 fungi
  9 plants
1231 creatures vanquished.

Vanquished Creatures (collateral kills)
  Rupert (Spider:1)
  Frances (Spider:4)
  A very ugly thing (Vaults:1)
  The ghost of drasked the Executioner, a powerful GrBe of Trog (D:14)
  Snorg (Lair:8)
  2 hydras
  2 death yaks (Lair:8)
  Nergalle (D:10)
  Erolcha (D:10)
  13 orb spiders
  4 wolf spiders
  An orb spider (shapeshifter) (D:14)
  A torpor snail (Spider:1)
  2 jumping spiders (Spider:5)
  2 kobold demonologists (D:13)
  A boulder beetle (Spider:4)
  3 redbacks
  6 blink frogs (Lair:4)
  2 trapdoor spiders
  A slime creature (Lair:8)
  A deep elf mage (Vaults:1)
  2 tarantellas (Spider:5)
  A wolf (Lair:6)
  A porcupine (Lair:4)
  4 spiders (Spider:5)
  A necrophage (Vaults:1)
  3 big kobolds (D:13)
  An electric eel (Spider:5)
  An iguana (Lair:4)
  An orc (D:5)
63 creatures vanquished.

Vanquished Creatures (others)
  A ghost moth (Spider:5)
  2 hill giants
  3 two-headed ogres
  A redback (Spider:5)
  4 ogres
  A giant spore (D:8)
  A kobold (D:12)
  2 fungi (Lair:8)
  2 plants (Lair:8)
17 creatures vanquished.

Grand Total: 1311 creatures vanquished

Notes
Turn   | Place    | Note
--------------------------------------------------------------
     0 | D:1      | drasked, the Gargoyle Berserker, began the quest for the Orb.
     0 | D:1      | Reached XP level 1. HP: 14/14 MP: 1/1
     0 | D:1      | 0 ||| counter = 24
    12 | D:1      | 12 ||| INVOKING Berserk.
   268 | D:1      | Reached skill level 3 in Axes
   396 | D:1      | Reached XP level 2. HP: 19/19 MP: 2/2
  1017 | D:1      | 1017 ||| UPGRADING to leather armour.
  1027 | D:1      | 1027 ||| DROPPING +0 animal skin.
  1028 | D:1      | 1028 ||| UPGRADING to helmet.
  1033 | D:1      | 1033 ||| READING scroll labeled SARUKLESOY.
  1036 | D:1      | 1036 ||| READING scroll labeled OKLIMI GHIUR.
  1037 | D:1      | 1037 ||| READING scroll labeled MNOLLY CROR.
  1038 | D:1      | 1038 ||| DRINKING 3 grey potions.
  1060 | D:2      | Found a bloodstained altar of Trog.
  1110 | D:2      | Reached XP level 3. HP: 23/23 MP: 3/3
  1140 | D:2      | Acquired Trog's second power
  1228 | D:2      | Found a stormy altar of Qazlal.
  1291 | D:2      | Reached skill level 4 in Axes
  1328 | D:2      | Found a sparkling altar of Nemelex Xobeh.
  1332 | D:2      | Found a sacrificial altar of Ru.
  1334 | D:2      | Found a deep blue altar of Sif Muna.
  1411 | D:2      | 1411 ||| INVOKING Berserk.
  1415 | D:2      | Reached XP level 4. HP: 28/28 MP: 4/4
  1618 | D:2      | Noticed Jessica
  1625 | D:2      | Killed Jessica
  2008 | D:2      | Noticed Terence
  2029 | D:2      | Killed Terence
  2142 | D:2      | 2142 ||| UPGRADING to ring mail.
  2152 | D:2      | 2152 ||| DROPPING +0 leather armour.
  2153 | D:2      | 2153 ||| UPGRADING to scale mail.
  2163 | D:2      | 2163 ||| DROPPING +0 ring mail.
  2164 | D:2      | 2164 ||| READING 2 scrolls labeled BREXTI COOL.
  2165 | D:2      | 2165 ||| READING scroll labeled TWECAO JEMEGH.
  2166 | D:2      | 2166 ||| READING scroll labeled CHECWU BOZENI.
  2167 | D:2      | 2167 ||| READING 2 scrolls labeled NEUGIPRIKO.
  2256 | D:3      | Reached skill level 5 in Axes
  2256 | D:3      | Reached XP level 5. HP: 32/32 MP: 5/5
  2350 | D:3      | Found an opulent altar of Gozag.
  2480 | D:3      | 2480 ||| INVOKING Berserk.
  2680 | D:3      | 2680 ||| UPGRADING to war axe.
  2681 | D:3      | 2681 ||| DROPPING +0 hand axe.
  2814 | D:3      | Found a shadowy altar of Dithmenos.
  2981 | D:3      | Reached XP level 6. HP: 37/37 MP: 6/6
  3098 | D:3      | Acquired Trog's third power
  3135 | D:3      | 3135 ||| UPGRADING to chain mail.
  3145 | D:3      | 3145 ||| DROPPING +0 scale mail.
  3146 | D:3      | 3146 ||| UPGRADING to cloak.
  3151 | D:3      | 3151 ||| UPGRADING to diamond ring.
  3152 | D:3      | 3152 ||| REMOVING ring of ice.
  3153 | D:3      | 3153 ||| READING scroll labeled SMEDIAW GADELL.
  3185 | D:4      | Reached skill level 6 in Axes
  3227 | D:4      | Found a staircase to the Ecumenical Temple.
  3365 | D:4      | Noticed EmilioHeskey's ghost (average DrTm)
  3370 | D:4      | 3370 ||| INVOKING Berserk.
  3378 | D:4      | Killed EmilioHeskey's ghost
  3441 | D:4      | Found a shimmering altar of Xom.
  3444 | D:4      | Found a shimmering altar of Xom.
  3444 | D:4      | Found a shimmering altar of Xom.
  3459 | D:4      | 3459 ||| INVOKING Berserk.
  3461 | D:4      | Reached XP level 7. HP: 41/41 MP: 7/7
  3651 | D:4      | Found a basalt altar of Yredelemnul.
  3664 | D:4      | Found a shimmering altar of Xom.
  3717 | D:4      | Reached skill level 7 in Axes
  3826 | D:4      | 3826 ||| UPGRADING to gilded ring.
  3827 | D:4      | 3827 ||| READING 2 scrolls labeled BRYELUBBAGUN.
  3871 | D:5      | Entered Level 5 of the Dungeon
  3872 | D:5      | 3872 ||| STAIRDANCE
  3874 | D:4      | 3874 ||| INVOKING Berserk.
  3940 | D:5      | 3940 ||| STAIRDANCE
  3945 | D:5      | 3945 ||| STAIRDANCE
  4145 | D:5      | 4145 ||| INVOKING Berserk.
  4156 | D:5      | Reached skill level 8 in Axes
  4160 | D:5      | 4160 ||| INVOKING Brothers in Arms.
  4358 | D:5      | Found an iron altar of Okawaru.
  4369 | D:5      | Reached skill level 3 in Armour
  4369 | D:5      | Reached XP level 8. HP: 39/48 MP: 8/8
  4475 | D:5      | 4475 ||| INVOKING Berserk.
  4532 | D:5      | 4532 ||| EATING 5 fruits.
  4749 | D:5      | Reached skill level 9 in Axes
  4993 | D:5      | 4993 ||| UPGRADING to glowing marble ring.
  4994 | D:5      | 4994 ||| REMOVING ring of poison resistance.
  4995 | D:5      | 4995 ||| DROPPING ring of poison resistance.
  4996 | D:5      | 4996 ||| READING scroll labeled PSEM SHRUT CURA.
  4997 | D:5      | 4997 ||| READING scroll labeled KORGHA TAETSESUNU.
  5027 | D:5      | 5027 ||| EATING 4 fruits.
  5265 | D:6      | 5265 ||| INVOKING Berserk.
  5449 | D:6      | Got a pair of spiked boots
  5623 | D:6      | 5623 ||| INVOKING Berserk.
  5624 | D:6      | Received a gift from Trog
  5625 | D:6      | Reached XP level 9. HP: 54/54 MP: 9/9
  5744 | D:6      | Reached skill level 10 in Axes
  5882 | D:6      | 5882 ||| EATING 3 fruits.
  5939 | D:6      | Found a blossoming altar of Fedhas.
  5940 | D:6      | Found a white marble altar of Elyvilon.
  5975 | D:6      | 5975 ||| INVOKING Berserk.
  5987 | D:6      | 5987 ||| READING scroll of teleportation.
  5991 | D:6      | 5991 ||| EATING 2 fruits.
  6177 | D:6      | 6177 ||| UPGRADING to pair of spiked boots.
  6182 | D:6      | Identified the +2 pair of boots of Life {MR+ Str+3 Int+2 Dex-4 Stlth+} (You found it on level 6 of the Dungeon)
  6182 | D:6      | 6182 ||| DRINKING 2 fuming blue potions.
  6192 | D:7      | 6192 ||| STAIRDANCE
  6252 | D:7      | 6252 ||| EATING fruit.
  6617 | D:7      | Found a shattered altar of Ashenzari.
  6619 | D:7      | Found a shattered altar of Ashenzari.
  6625 | D:7      | Found an ancient bone altar of Kikubaaqudgha.
  6738 | D:7      | 6738 ||| INVOKING Berserk.
  6876 | D:7      | 6876 ||| READING scroll of enchant armour.
  6876 | D:7      | 6876 ||| ENCHANTING +0 helmet.
  6920 | D:7      | 6920 ||| READING 3 scrolls labeled SAENEPUALIS.
  6921 | D:7      | 6921 ||| DRINKING 3 amethyst potions.
  6922 | D:7      | 6922 ||| READING 3 scrolls of identify.
  6922 | D:7      | 6922 ||| IDENTIFYING blue potion
  6923 | D:7      | 6923 ||| READING 2 scrolls of identify.
  6923 | D:7      | 6923 ||| IDENTIFYING white potion
  7064 | D:8      | 7064 ||| READING scroll of teleportation.
  7068 | D:8      | Reached skill level 11 in Axes
  7228 | D:8      | 7228 ||| EATING 2 beef jerkies.
  7248 | D:8      | Noticed Scuka's ghost (experienced SpEn)
  7249 | D:8      | 7249 ||| INVOKING Brothers in Arms.
  7251 | D:8      | 7251 ||| INVOKING Berserk.
  7267 | D:8      | Killed Scuka's ghost
  7267 | D:8      | Reached skill level 6 in Fighting
  7321 | D:8      | 7321 ||| EATING beef jerky.
  7656 | D:8      | 7656 ||| INVOKING Berserk.
  7673 | D:8      | Reached XP level 10. HP: 43/61 MP: 10/10
  7775 | D:8      | 7775 ||| INVOKING Berserk.
  7785 | D:8      | 7785 ||| EATING 7 bread rations.
  8115 | D:8      | 8115 ||| READING scroll labeled BERAHOWKOG.
  8116 | D:8      | 8116 ||| READING 3 scrolls of identify.
  8116 | D:8      | 8116 ||| IDENTIFYING bubbling clear potion
  8117 | D:8      | 8117 ||| READING 2 scrolls of identify.
  8117 | D:8      | 8117 ||| IDENTIFYING smoky amethyst potion
  8164 | D:9      | Reached skill level 12 in Axes
  8225 | D:9      | 8225 ||| INVOKING Berserk.
  8385 | D:9      | 8385 ||| INVOKING Berserk.
  8463 | D:9      | 8463 ||| EATING 6 bread rations.
  8632 | D:9      | Found a flagged portal.
  8641 | D:9      | 8641 ||| INVOKING Berserk.
  8882 | D:9      | 8882 ||| EATING 5 bread rations.
  8897 | D:9      | Found a burning altar of Makhleb.
  9098 | D:9      | Received a gift from Trog
  9100 | D:9      | 9100 ||| UPGRADING to glowing broad axe {god gift}.
  9101 | D:9      | 9101 ||| DROPPING +0 war axe.
  9113 | D:9      | Reached skill level 13 in Axes
  9208 | D:9      | 9208 ||| INVOKING Berserk.
  9352 | D:9      | 9352 ||| INVOKING Berserk.
  9704 | D:9      | 9704 ||| READING 3 scrolls of enchant armour.
  9704 | D:9      | 9704 ||| ENCHANTING +1 helmet.
  9705 | D:9      | 9705 ||| READING 2 scrolls of enchant armour.
  9705 | D:9      | 9705 ||| ENCHANTING +0 cloak.
  9706 | D:9      | 9706 ||| READING scroll of enchant armour.
  9706 | D:9      | 9706 ||| ENCHANTING +1 cloak.
  9713 | D:9      | 9713 ||| UPGRADING to pair of gloves.
  9718 | D:9      | 9718 ||| READING scroll labeled RIELENNUCIDGH.
  9744 | D:10     | Entered Level 10 of the Dungeon
  9791 | D:10     | Found a staircase to the Orcish Mines.
  9822 | D:10     | 9822 ||| INVOKING Berserk.
  9835 | D:10     | 9835 ||| EATING 7 beef jerkies.
  9875 | D:10     | 9875 ||| INVOKING Berserk.
  9907 | D:10     | 9907 ||| EATING 6 beef jerkies.
  9948 | D:10     | Noticed Erolcha
  9949 | D:10     | 9949 ||| INVOKING Trog's Hand.
  9951 | D:10     | 9951 ||| INVOKING Brothers in Arms.
  9954 | D:10     | 9954 ||| INVOKING Berserk.
  9954 | D:10     | Killed Erolcha
  9954 | D:10     | Reached XP level 11. HP: 66/66 MP: 11/11
  9963 | D:10     | Noticed Urug
  9967 | D:10     | 9967 ||| READING scroll of teleportation.
  9969 | D:10     | 9969 ||| EATING 5 beef jerkies.
 10019 | D:10     | 10019 ||| INVOKING Berserk.
 10068 | D:10     | 10068 ||| EATING 4 beef jerkies.
 10079 | D:10     | 10079 ||| READING scroll of enchant armour.
 10079 | D:10     | 10079 ||| ENCHANTING +0 pair of gloves.
 10106 | D:10     | Noticed Sonja
 10107 | D:10     | 10107 ||| INVOKING Brothers in Arms.
 10110 | D:10     | 10110 ||| INVOKING Berserk.
 10113 | D:10     | Killed Sonja
 10149 | D:10     | 10149 ||| EATING 3 beef jerkies.
 10165 | D:10     | Noticed Nergalle
 10169 | D:10     | 10169 ||| INVOKING Berserk.
 10192 | D:10     | 10192 ||| INVOKING Brothers in Arms.
 10197 | D:10     | Killed Nergalle
 10236 | D:10     | 10236 ||| EATING 2 beef jerkies.
 10530 | D:10     | Reached skill level 14 in Axes
 10755 | D:10     | 10755 ||| UPGRADING to shiny helmet.
 10765 | D:10     | 10765 ||| DROPPING +2 helmet.
 10766 | D:10     | 10766 ||| READING scroll labeled NISSAOZ ITUCE.
 10789 | D:10     | 10789 ||| READING scroll labeled CYSTYRUYSA.
 10790 | D:10     | 10790 ||| READING 2 scrolls of identify.
 10790 | D:10     | 10790 ||| IDENTIFYING fizzy purple potion
 10824 | D:11     | 10824 ||| INVOKING Berserk.
 10837 | D:11     | 10837 ||| EATING beef jerky.
 10883 | D:11     | Found a staircase to the Lair.
 11099 | D:11     | Found a frozen archway.
 11112 | D:11     | Received a gift from Trog
 11142 | D:11     | Killed an unseen horror
 11427 | D:11     | 11427 ||| INVOKING Berserk.
 11476 | D:11     | 11476 ||| READING 4 scrolls of remove curse.
 11532 | D:11     | 11532 ||| UPGRADING to shiny ring mail.
 11542 | D:11     | 11542 ||| UPGRADING to +0 chain mail.
 11552 | D:11     | 11552 ||| DROPPING +2 ring mail of positive energy.
 11553 | D:11     | 11553 ||| UPGRADING to emerald ring.
 11554 | D:11     | 11554 ||| REMOVING +3 ring of intelligence.
 11558 | D:11     | Received a gift from Trog
 11560 | D:11     | 11560 ||| UPGRADING to glowing battleaxe {god gift}.
 11561 | D:11     | 11561 ||| DROPPING +7 broad axe of chopping.
 11574 | D:11     | 11574 ||| DROPPING +3 ring of intelligence.
 11575 | D:11     | 11575 ||| READING 2 scrolls of identify.
 11575 | D:11     | 11575 ||| IDENTIFYING fuming golden potion
 11614 | Lair:1   | Entered Level 1 of the Lair of Beasts
 11615 | Lair:1   | 11615 ||| Entered L.
 11617 | Lair:1   | 11617 ||| STAIRDANCE
 11685 | Lair:1   | Noticed a four-headed hydra
 11686 | Lair:1   | 11686 ||| INVOKING Brothers in Arms.
 11687 | Lair:1   | 11687 ||| INVOKING Berserk.
 11691 | Lair:1   | Killed a nine-headed hydra
 11691 | Lair:1   | Reached skill level 15 in Axes
 11974 | Lair:1   | Noticed Fannar
 11980 | Lair:1   | HP: 13/67 [Fannar/bolt of cold (30)]
 11981 | Lair:1   | 11981 ||| DRINKING 2 potions of heal wounds.
 11985 | Lair:1   | HP: 9/67 [Fannar/bolt of cold (30)]
 11986 | Lair:1   | 11986 ||| DRINKING potion of heal wounds.
 11987 | Lair:1   | 11987 ||| INVOKING Berserk.
 12000 | Lair:1   | Killed Fannar
 12000 | Lair:1   | Reached XP level 12. HP: 34/72 MP: 4/12
 12073 | Lair:1   | 12073 ||| EATING slice of pizza.
 12594 | Lair:1   | 12594 ||| READING 2 scrolls of identify.
 12594 | Lair:1   | 12594 ||| IDENTIFYING cyan potion
 12827 | Lair:2   | Noticed Erica
 12831 | Lair:2   | 12831 ||| INVOKING Berserk.
 12835 | Lair:2   | Killed Erica
 12875 | Lair:2   | 12875 ||| EATING 6 meat rations.
 13068 | Lair:2   | 13068 ||| READING scroll of enchant weapon.
 13068 | Lair:2   | 13068 ||| ENCHANTING +2 antimagic battleaxe.
 13303 | Lair:2   | Noticed Harold
 13316 | Lair:2   | Killed Harold
 13316 | Lair:2   | Reached skill level 16 in Axes
 13852 | Lair:3   | 13852 ||| READING scroll of enchant armour.
 13852 | Lair:3   | 13852 ||| ENCHANTING +1 pair of gloves.
 13919 | Lair:3   | Found a hole to the Spider Nest.
 14078 | Lair:3   | Received a gift from Trog
 14083 | Lair:3   | 14083 ||| UPGRADING to glowing executioner's axe {god gift}.
 14084 | Lair:3   | 14084 ||| DROPPING +3 antimagic battleaxe.
 14092 | Lair:3   | Noticed Prince Ribbit
 14092 | Lair:3   | 14092 ||| INVOKING Berserk.
 14117 | Lair:3   | Killed Prince Ribbit
 14133 | Lair:3   | 14133 ||| EATING 3 fruits.
 14207 | Lair:3   | 14207 ||| INVOKING Berserk.
 14218 | Lair:3   | 14218 ||| EATING 2 fruits.
 14809 | Lair:4   | 14809 ||| STAIRDANCE
 14846 | Lair:4   | Found a basalt altar of Yredelemnul.
 14969 | Lair:4   | 14969 ||| INVOKING Berserk.
 14974 | Lair:4   | 14974 ||| READING 3 scrolls of teleportation.
 14993 | Lair:4   | 14993 ||| READING 2 scrolls of teleportation.
 14997 | Lair:4   | 14997 ||| INVOKING Brothers in Arms.
 15007 | Lair:4   | 15007 ||| INVOKING Berserk.
 15013 | Lair:4   | Reached skill level 6 in Armour
 15157 | Lair:4   | 15157 ||| INVOKING Berserk.
 15164 | Lair:4   | 15164 ||| READING scroll of teleportation.
 15203 | Lair:4   | 15203 ||| EATING fruit.
 15221 | Lair:4   | 15221 ||| INVOKING Berserk.
 15241 | Lair:4   | 15241 ||| EATING beef jerky.
 15301 | Lair:4   | 15301 ||| INVOKING Berserk.
 15755 | Lair:4   | Noticed a four-headed hydra
 15756 | Lair:4   | 15756 ||| INVOKING Brothers in Arms.
 15759 | Lair:4   | 15759 ||| INVOKING Berserk.
 15760 | Lair:4   | Killed a six-headed hydra
 16123 | Lair:4   | 16123 ||| READING 4 scrolls of identify.
 16123 | Lair:4   | 16123 ||| IDENTIFYING puce potion
 16124 | Lair:4   | 16124 ||| READING 3 scrolls of identify.
 16124 | Lair:4   | 16124 ||| IDENTIFYING golden potion
 16174 | Lair:5   | Reached XP level 13. HP: 79/79 MP: 13/13
 16179 | Lair:5   | Received a gift from Trog
 16188 | Lair:5   | 16188 ||| UPGRADING to glowing battleaxe {god gift}.
 16189 | Lair:5   | 16189 ||| UPGRADING to +2 executioner's axe of electrocution.
 16190 | Lair:5   | 16190 ||| DROPPING +2 battleaxe of chopping.
 16379 | Lair:5   | 16379 ||| READING scroll of enchant weapon.
 16379 | Lair:5   | 16379 ||| ENCHANTING +2 executioner's axe of electrocution.
 16393 | Lair:5   | Reached skill level 17 in Axes
 17014 | Lair:5   | 17014 ||| UPGRADING to glowing cloak.
 17024 | Lair:5   | 17024 ||| UPGRADING to plate armour.
 17034 | Lair:5   | 17034 ||| DROPPING +0 chain mail.
 17035 | Lair:5   | 17035 ||| UPGRADING to +2 cloak.
 17045 | Lair:5   | 17045 ||| DROPPING +1 cloak.
 17046 | Lair:5   | 17046 ||| READING scroll of enchant armour.
 17046 | Lair:5   | 17046 ||| ENCHANTING +0 plate armour.
 17047 | Lair:5   | 17047 ||| READING scroll labeled KHORUM AVO GRO.
 17066 | Lair:6   | 17066 ||| STAIRDANCE
 17089 | Lair:6   | 17089 ||| INVOKING Berserk.
 17102 | Lair:6   | 17102 ||| EATING 4 fruits.
 17194 | Lair:6   | Found a staircase to the Swamp.
 17680 | Lair:6   | 17680 ||| INVOKING Brothers in Arms.
 17682 | Lair:6   | 17682 ||| INVOKING Berserk.
 17707 | Lair:6   | 17707 ||| EATING 3 fruits.
 17822 | Lair:6   | 17822 ||| READING scroll labeled RAMOPL MNIECK.
 17882 | Lair:7   | 17882 ||| STAIRDANCE
 17887 | Lair:7   | 17887 ||| STAIRDANCE
 17964 | Lair:7   | 17964 ||| Stepping ~*~*~tactically~*~*~ (water).
 18075 | Lair:7   | 18075 ||| Stepping ~*~*~tactically~*~*~ (water).
 18080 | Lair:7   | 18080 ||| INVOKING Berserk.
 18306 | Lair:7   | 18306 ||| INVOKING Brothers in Arms.
 18308 | Lair:7   | 18308 ||| INVOKING Berserk.
 18679 | Lair:7   | Reached skill level 9 in Fighting
 18847 | Lair:7   | 18847 ||| EATING 7 fruits.
 18909 | Lair:8   | Entered Level 8 of the Lair of Beasts
 18910 | Lair:8   | 18910 ||| STAIRDANCE
 18951 | Lair:8   | 18951 ||| INVOKING Brothers in Arms.
 18953 | Lair:8   | 18953 ||| INVOKING Berserk.
 18960 | Lair:8   | Reached skill level 18 in Axes
 18971 | Lair:8   | 18971 ||| EATING 6 fruits.
 19017 | Lair:8   | Found a staircase to the Slime Pits.
 19107 | Lair:8   | 19107 ||| INVOKING Berserk.
 19191 | Lair:8   | 19191 ||| INVOKING Berserk.
 19369 | Lair:8   | 19369 ||| INVOKING Berserk.
 19400 | Lair:8   | 19400 ||| EATING 5 fruits.
 19432 | Lair:8   | Received a gift from Trog
 19521 | Lair:8   | Gained mutation: Your wings are large and strong. [gargoyle growth]
 19521 | Lair:8   | Reached XP level 14. HP: 58/86 MP: 14/14
 19623 | Lair:8   | 19623 ||| INVOKING Fly.
 19623 | Lair:8   | 19623 ||| FLYING.
 19686 | Lair:8   | 19686 ||| INVOKING Berserk.
 19844 | Lair:8   | Noticed Snorg
 19845 | Lair:8   | 19845 ||| INVOKING Brothers in Arms.
 19850 | Lair:8   | Killed Snorg
 20067 | Lair:8   | 20067 ||| INVOKING Brothers in Arms.
 20069 | Lair:8   | 20069 ||| INVOKING Berserk.
 20077 | Lair:8   | Reached skill level 19 in Axes
 20563 | Lair:8   | Received a gift from Trog
 20621 | Lair:8   | Found a radiant altar of Vehumet.
 20791 | Lair:8   | 20791 ||| UPGRADING to crystal plate armour.
 20801 | Lair:8   | 20801 ||| DROPPING +1 plate armour.
 20802 | Lair:8   | 20802 ||| READING 9 scrolls of identify.
 20802 | Lair:8   | 20802 ||| IDENTIFYING emerald potion
 21071 | Orc:1    | Entered Level 1 of the Orcish Mines
 21072 | Orc:1    | 21072 ||| Entered O.
 21177 | Orc:2    | 21177 ||| EATING 4 fruits.
 21312 | Orc:2    | Noticed Gastronok
 21326 | Orc:2    | Killed Gastronok
 21903 | Orc:3    | Received a gift from Trog
 22385 | D:12     | 22385 ||| EATING 6 fruits.
 22530 | D:12     | Noticed a green very ugly thing
 22539 | D:12     | Killed a green very ugly thing
 22555 | D:12     | Got a twitching platinum ring
 22617 | D:12     | 22617 ||| READING scroll of enchant weapon.
 22617 | D:12     | 22617 ||| ENCHANTING +3 executioner's axe of electrocution.
 23064 | D:12     | 23064 ||| INVOKING Berserk.
 23083 | D:12     | 23083 ||| EATING 5 fruits.
 23662 | D:12     | 23662 ||| UPGRADING to twitching platinum ring.
 23662 | D:12     | Identified the ring of Order {+Fly rPois rC+ MP+9 Str-2 Dex+3} (You found it on level 12 of the Dungeon)
 23663 | D:12     | 23663 ||| UPGRADING to granite ring.
 23665 | D:12     | 23665 ||| REMOVING ring of flight.
 23666 | D:12     | 23666 ||| DROPPING ring of flight.
 23667 | D:12     | 23667 ||| UPGRADING to twisted diamond ring.
 23668 | D:12     | 23668 ||| UPGRADING to ring of protection from magic.
 23746 | D:13     | Noticed Josephine
 23750 | D:13     | Killed Josephine
 23753 | D:13     | Reached skill level 20 in Axes
 23782 | D:13     | Received a gift from Trog
 23784 | D:13     | 23784 ||| UPGRADING to glowing battleaxe {god gift}.
 23785 | D:13     | 23785 ||| UPGRADING to +4 executioner's axe of electrocution.
 23786 | D:13     | 23786 ||| DROPPING +4 antimagic battleaxe.
 24037 | D:13     | 24037 ||| INVOKING Brothers in Arms.
 24040 | D:13     | 24040 ||| INVOKING Berserk.
 24095 | D:13     | 24095 ||| EATING 4 fruits.
 24131 | D:13     | Reached XP level 15. HP: 92/92 MP: 15/15
 24215 | D:13     | 24215 ||| INVOKING Berserk.
 25055 | D:13     | 25055 ||| UPGRADING to tubular wooden ring.
 25057 | D:13     | 25057 ||| REMOVING ring of wizardry.
 25058 | D:13     | 25058 ||| DROPPING ring of wizardry.
 25059 | D:13     | 25059 ||| UPGRADING to +2 ring of strength.
 25060 | D:13     | 25060 ||| UPGRADING to ring of protection from magic.
 25062 | D:13     | 25062 ||| READING scroll labeled THRUIZ FRUUNYTZ.
 25063 | D:13     | 25063 ||| DRINKING 2 bubbling amethyst potions.
 25073 | D:13     | 25073 ||| DROPPING 4 silver tomahawks.
 25144 | D:14     | Received a gift from Trog
 25429 | D:14     | Noticed drasked's ghost (powerful GrBe)
 25429 | D:14     | 25429 ||| INVOKING Brothers in Arms.
 25433 | D:14     | 25433 ||| INVOKING Berserk.
 25436 | D:14     | Killed drasked's ghost
 25478 | D:14     | 25478 ||| EATING 3 fruits.
 25496 | D:14     | Noticed Roxanne
 25497 | D:14     | 25497 ||| INVOKING Brothers in Arms.
 25502 | D:14     | 25502 ||| INVOKING Berserk.
 25508 | D:14     | Killed Roxanne
 25508 | D:14     | Received a gift from Trog
 25529 | D:14     | 25529 ||| EATING 2 fruits.
 25576 | D:14     | 25576 ||| UPGRADING to glowing executioner's axe {god gift}.
 25577 | D:14     | 25577 ||| UPGRADING to +4 executioner's axe of electrocution.
 25578 | D:14     | 25578 ||| DROPPING +5 antimagic executioner's axe.
 25720 | D:14     | Found a gate to the Vaults.
 25744 | D:14     | Reached skill level 21 in Axes
 25919 | D:14     | 25919 ||| INVOKING Berserk.
 26242 | D:14     | 26242 ||| UPGRADING to knobbly copper ring.
 26265 | D:15     | Entered Level 15 of the Dungeon
 26269 | D:15     | 26269 ||| INVOKING Trog's Hand.
 26274 | D:15     | 26274 ||| INVOKING Berserk.
 26286 | D:15     | 26286 ||| EATING fruit.
 26370 | D:15     | 26370 ||| INVOKING Brothers in Arms.
 26371 | D:15     | 26371 ||| INVOKING Berserk.
 26567 | D:15     | 26567 ||| INVOKING Berserk.
 26589 | D:15     | 26589 ||| EATING beef jerky.
 26874 | D:15     | Received a gift from Trog
 26900 | D:15     | Reached XP level 16. HP: 85/99 MP: 16/16
 27190 | D:15     | 27190 ||| INVOKING Trog's Hand.
 27203 | D:15     | 27203 ||| INVOKING Berserk.
 27212 | D:15     | 27212 ||| EATING 4 fruits.
 27258 | D:15     | Received a gift from Trog
 27266 | D:15     | Found a staircase to the Depths.
 27269 | D:15     | 27269 ||| INVOKING Trog's Hand.
 27470 | D:15     | 27470 ||| READING scroll of enchant weapon.
 27470 | D:15     | 27470 ||| ENCHANTING +4 executioner's axe of electrocution.
 27724 | D:15     | 27724 ||| READING 12 scrolls of identify.
 27724 | D:15     | 27724 ||| IDENTIFYING wand of hasting
 27833 | D:13     | 27833 ||| EATING 3 fruits.
 28215 | Spider:1 | Entered Level 1 of the Spider Nest
 28216 | Spider:1 | 28216 ||| Entered N.
 28332 | Spider:1 | Reached skill level 22 in Axes
 28465 | Spider:1 | 28465 ||| INVOKING Brothers in Arms.
 28474 | Spider:1 | 28474 ||| INVOKING Brothers in Arms.
 28481 | Spider:1 | Noticed Rupert
 28481 | Spider:1 | 28481 ||| INVOKING Trog's Hand.
 28484 | Spider:1 | Killed Rupert
 28596 | Spider:1 | Received a gift from Trog
 28619 | Spider:1 | 28619 ||| UPGRADING to glowing battleaxe {god gift}.
 28620 | Spider:1 | 28620 ||| UPGRADING to +5 executioner's axe of electrocution.
 28621 | Spider:1 | 28621 ||| DROPPING +6 antimagic battleaxe.
 28754 | Spider:1 | 28754 ||| UPGRADING to ring of protection from cold.
 28756 | Spider:1 | 28756 ||| DRINKING 2 fuming clear potions.
 28794 | Spider:2 | 28794 ||| INVOKING Brothers in Arms.
 28816 | Spider:2 | 28816 ||| EATING 2 fruits.
 28846 | Spider:2 | 28846 ||| INVOKING Brothers in Arms.
 28952 | Spider:2 | 28952 ||| UPGRADING to runed battleaxe.
 28953 | Spider:2 | 28953 ||| UPGRADING to +5 executioner's axe of electrocution.
 28954 | Spider:2 | 28954 ||| DROPPING +1 battleaxe of chopping.
 29648 | Spider:3 | 29648 ||| STAIRDANCE
 29746 | Spider:3 | 29746 ||| STAIRDANCE
 29891 | Spider:3 | 29891 ||| STAIRDANCE
 30116 | Spider:3 | Noticed Wiglaf
 30121 | Spider:3 | 30121 ||| INVOKING Berserk.
 30126 | Spider:3 | Killed Wiglaf
 30132 | Spider:3 | 30132 ||| EATING 5 fruits.
 30483 | Spider:4 | 30483 ||| STAIRDANCE
 30538 | Spider:4 | 30538 ||| INVOKING Brothers in Arms.
 30549 | Spider:4 | 30549 ||| INVOKING Brothers in Arms.
 30554 | Spider:4 | HP: 25/100 [squashed by a boulder beetle (32)]
 30555 | Spider:4 | 30555 ||| DRINKING 3 potions of heal wounds.
 30755 | Spider:4 | 30755 ||| INVOKING Brothers in Arms.
 30766 | Spider:4 | 30766 ||| INVOKING Brothers in Arms.
 30769 | Spider:4 | Received a gift from Trog
 31082 | Spider:4 | 31082 ||| INVOKING Brothers in Arms.
 31161 | Spider:4 | 31161 ||| INVOKING Berserk.
 31169 | Spider:4 | Reached XP level 17. HP: 104/104 MP: 17/17
 31172 | Spider:4 | Noticed Frances
 31173 | Spider:4 | 31173 ||| INVOKING Brothers in Arms.
 31176 | Spider:4 | Killed Frances
 31423 | Spider:4 | 31423 ||| READING scroll labeled VACRAJ KUSH.
 31454 | Spider:5 | Entered Level 5 of the Spider Nest
 31457 | Spider:5 | 31457 ||| STAIRDANCE
 31462 | Spider:4 | 31462 ||| EATING 7 fruits.
 31465 | Spider:5 | 31465 ||| STAIRDANCE
 31559 | Spider:5 | 31559 ||| INVOKING Brothers in Arms.
 31562 | Spider:5 | 31562 ||| INVOKING Brothers in Arms.
 31607 | Spider:5 | 31607 ||| INVOKING Brothers in Arms.
 31618 | Spider:5 | 31618 ||| EATING 6 fruits.
 31801 | Spider:5 | Reached skill level 23 in Axes
 32018 | Spider:5 | 32018 ||| INVOKING Brothers in Arms.
 32114 | Spider:5 | 32114 ||| DRINKING 16 potions of curing.
 32114 | Spider:5 | 32114 ||| (to cure confusion)
 32266 | Spider:5 | 32266 ||| INVOKING Brothers in Arms.
 32285 | Spider:5 | Received a gift from Trog
 32289 | Spider:5 | 32289 ||| INVOKING Brothers in Arms.
 32302 | Spider:5 | 32302 ||| INVOKING Berserk.
 32324 | Spider:5 | HP: 26/106 [jumping spider (3)]
 32325 | Spider:5 | 32325 ||| DRINKING 2 potions of heal wounds.
 32333 | Spider:5 | 32333 ||| READING 5 scrolls of teleportation.
 32578 | Spider:5 | 32578 ||| EATING 5 fruits.
 32641 | Spider:5 | 32641 ||| INVOKING Berserk.
 32656 | Spider:5 | 32656 ||| EATING 4 fruits.
 32811 | Spider:5 | 32811 ||| INVOKING Brothers in Arms.
 32856 | Spider:5 | 32856 ||| UPGRADING to runed battleaxe {god gift}.
 32857 | Spider:5 | 32857 ||| DROPPING +5 executioner's axe of flaming.
 32879 | Spider:5 | 32879 ||| INVOKING Berserk.
 32899 | Spider:5 | Reached skill level 9 in Armour
 32911 | Spider:5 | 32911 ||| EATING 3 fruits.
 32967 | Spider:5 | Got a gossamer rune of Zot
 33011 | Spider:5 | 33011 ||| UPGRADING to glowing helmet.
 33021 | Spider:5 | 33021 ||| DROPPING +2 helmet.
 33288 | Lair:3   | 33288 ||| EATING 2 fruits.
 33506 | Vaults:1 | Entered Level 1 of the Vaults
 33507 | Vaults:1 | 33507 ||| Entered V.
 33723 | Vaults:1 | 33723 ||| READING scroll of enchant armour.
 33723 | Vaults:1 | 33723 ||| ENCHANTING +0 crystal plate armour.
 33735 | Vaults:1 | 33735 ||| INVOKING Berserk.
 33753 | Vaults:1 | 33753 ||| INVOKING Trog's Hand.
 33759 | Vaults:1 | 33759 ||| READING 4 scrolls of teleportation.
 33762 | Vaults:1 | 33762 ||| READING 3 scrolls of teleportation.
 33765 | Vaults:1 | 33765 ||| READING 2 scrolls of teleportation.
 33962 | Vaults:1 | 33962 ||| EATING fruit.
 34006 | Vaults:1 | 34006 ||| INVOKING Berserk.
 34019 | Vaults:1 | 34019 ||| READING scroll of teleportation.
 34174 | Vaults:1 | 34174 ||| EATING slice of pizza.
 34181 | Vaults:1 | Received a gift from Trog
 34192 | Vaults:1 | 34192 ||| INVOKING Berserk.
 34352 | Vaults:1 | 34352 ||| EATING 12 meat rations.
 34394 | Vaults:1 | Noticed Aizul
 34394 | Vaults:1 | 34394 ||| INVOKING Trog's Hand.
 34395 | Vaults:1 | 34395 ||| INVOKING Brothers in Arms.
 34397 | Vaults:1 | 34397 ||| INVOKING Brothers in Arms.
 34398 | Vaults:1 | 34398 ||| INVOKING Berserk.
 34399 | Vaults:1 | Reached XP level 18. HP: 112/112 MP: 18/18
 34406 | Vaults:1 | Killed Aizul
 34406 | Vaults:1 | Reached skill level 12 in Armour
 34415 | Vaults:1 | Noticed a lich
 34425 | Vaults:1 | Reached skill level 12 in Fighting
 34429 | Vaults:1 | HP: 2/112 [lich/bolt of acid (30)]
 34429 | Vaults:1 | Splashed by a lich's acid

Vault maps used:
D:1:      scummos_arrival_simple_fountains
D:2:      bloody_trog, grunt_temple_overflow_open, grunt_qazlal_sundering,
          uniq_jessica, uniq_terence
D:3:      kennysheep_big_flooded_room, grunt_dithmenos_smoke_and_mirrors,
          grunt_gozag_statues, first_bread
D:4:      yredelemnul_altar_generic, minmay_temple_entry_overgrown,
          hangedman_feature_mirror, xom_redecorated
D:5:      basic_altar
D:6:      gammafunk_temple_overflow_statue
D:7:      gammafunk_temple_overflow_pools, basic_altar, minivault_11
D:9:      makhleb_blood_cavern_becter, enter_bailey_2, grunt_ogre_cave
D:10:     orc_0_dummy, uniq_erolcha, uniq_sonja, uniq_nergalle, uniq_urug
D:11:     minmay_lair_entry_lava, portal_ice_cave_entry_imps
D:12:     minmay_tri_box
D:13:     serial_column_ruins, column_ruins_open_small, column_ruins_open_tiny,
          column_ruins_open_tiny, column_ruins_grid_1, minmay_misc_feat_rows,
          minivault_29, uniq_josephine
D:14:     minmay_distorted_concentric_squares,
          lightli_vaults_fourway_checkpoint, minmay_stone_trees_medium,
          uniq_roxanne
D:15:     grunt_enter_depths_magical_seal, minmay_crystal_room, st_stairs_10
Lair:1:   uniq_fannar
Lair:2:   ldierk_geyser, grunt_megastairs_5, infiniplex_staircase_pool,
          uniq_harold, uniq_erica
Lair:3:   spider_nest_entry_rubble, uniq_prince_ribbit2
Lair:4:   basic_altar
Lair:5:   st_stairs_12
Lair:6:   swamp_mist
Lair:7:   serial_bayou_shore_a, lemuel_fruit_fields, grunt_megastairs_3,
          infiniplex_staircase_pool_2, serial_bayou_shore_b, lemuel_fruit_fields
Lair:8:   minmay_lair_end_enchanted_forest, minmay_slime_entry_pillars,
          lab_entry_generic, lemuel_centaur_altar, lemuel_fruit_fields,
          uniq_snorg
Spider:1: guppyfry_spider_mini_3, uniq_rupert
Spider:2: nicolae_spider_mines_1, hangedman_spider_tarantella_strand,
          nicolae_spider_cling_ruins
Spider:3: nicolae_looking_at_the_future, uniq_wiglaf
Spider:4: hangedman_stitches_earthworm, uniq_frances
Spider:5: spider_rune_water
Orc:1:    nicolae_orc_accident_1, uniq_grum
Orc:2:    uniq_gastronok
Orc:3:    nicolae_orc_pool_cavern
Vaults:1: nicolae_vaults_octagons, ontoclasm_vaults_ligature,
          hangedman_vaults_nails, nicolae_vaults_asterisk,
          nicolae_vaults_circle_grid_a, metal_show,
          nicolae_vaults_three_branches, v_rooms_5, vaults_dpeg_encased_lava,
          nicolae_vaults_little_ls, uniq_aizul

Action                   |  1- 3 |  4- 6 |  7- 9 | 10-12 | 13-15 | 16-18 || total
-------------------------+-------+-------+-------+-------+-------+-------++-------
Melee: Hand axe          |    82 |    88 |       |       |       |       ||   170
       War axe           |       |    88 |   486 |   209 |       |       ||   783
       Broad axe         |       |       |       |   198 |       |       ||   198
       Battleaxe         |       |       |       |   129 |       |   229 ||   358
       Executioner's axe |       |       |       |    98 |  1092 |   603 ||  1793
Throw: Javelin           |    80 |    57 |    44 |   105 |    92 |   115 ||   493
       Tomahawk          |       |       |       |    41 |   139 |       ||   180
Invok: Berserk           |     2 |     3 |     9 |    25 |    19 |    10 ||    68
       Brothers in Arms  |       |       |     2 |     6 |     9 |    19 ||    36
       Trog's Hand       |       |       |       |     1 |     1 |     5 ||     7
 Abil: Fly               |       |       |       |       |     1 |       ||     1
  Use: Scroll            |     3 |     5 |     9 |    22 |     7 |     9 ||    55
       Potion            |     1 |       |     2 |     2 |     1 |     4 ||    10
 Stab: Distracted        |       |       |       |       |       |     1 ||     1
  Eat: Chunk             |     3 |     9 |    17 |    23 |    46 |    24 ||   122
       Fruit             |       |       |     5 |     3 |    12 |    11 ||    31
       Beef jerky        |       |       |     2 |     8 |     1 |       ||    11
       Bread ration      |       |       |       |     3 |       |       ||     3
       Meat ration       |       |       |       |     1 |       |     1 ||     2
       Pizza             |       |       |       |     1 |       |     1 ||     2
